AoeStats
← Supershrimp

Arabia

510128827Analyzed
1v1 RM · 22h ago on Sep 29, 2026· 62m 0s· 2 players
Game mode
Random Map
Map size
Tiny (2 player)
Population
200
Speed
Normal
Resources
Standard
Victory
Conquest
Starting age
Dark Age
Ending age
Imperial Age
RankedLock teamsTeams togetherTeam positionsShared explorationLock speedFull tech treeHidden civsTurbo modeCheats
Victory
Defeat
🇷🇺 Armenians · Russia
1160
+13
🇭🇰 Byzantines · Hong Kong SAR China
1100
-13
spec911
6:13 Loom
10:18 Feudal Age
10:19 Man-at-Arms
11:01 Double-Bit Axe
18:14 Wheelbarrow
21:43 Castle Age
19:45 Horse Collar
20:39 Scale Mail Armor
20:22 Long Swordsman
21:48 Two-Handed Swordsman
22:29 Squires
22:52 Chain Mail Armor
23:08 Squires
23:31 Gambesons
25:16 Forging
32:00 Champion
42:03 Hand Cart
44:20 Town Watch
47:18 Imperial Age
44:35 Town Watch
44:45 Pikeman
48:33 Iron Casting
47:49 Fletching
47:59 Padded Archer Armor
48:31 Plate Mail Armor
48:04 Gold Mining
48:25 Bow Saw
47:44 Capped Ram
48:46 Siege Ram
48:49 Halberdier
51:26 Blast Furnace
50:22 Bodkin Arrow
50:43 Leather Archer Armor
51:07 Elite Skirmisher
52:19 Ballistics
52:07 Heavy Plow
54:00 Bracer
56:13 Arson
56:39 Fereters
56:55 Conscription
56:51 Fereters
57:09 Conscription
57:26 Hoardings
61:34 Chemistry
60:45 Masonry
60:32 Murder Holes
Supershrimp
6:44 Loom
9:55 Feudal Age
12:50 Double-Bit Axe
12:48 Horse Collar
22:29 Castle Age
20:46 Fletching
21:49 Gold Mining
22:42 Scale Barding Armor
22:48 Forging
22:32 Crossbowman
24:02 Husbandry
25:19 Bodkin Arrow
27:34 Bow Saw
28:01 Padded Archer Armor
31:04 Wheelbarrow
30:26 Stone Mining
33:56 Chain Barding Armor
34:14 Iron Casting
37:58 Leather Archer Armor
40:52 Imperial Age
39:37 Ballistics
41:53 Chain Barding Armor
41:36 Bracer
44:21 Thumb Ring
44:09 Arbalester
48:16 Gold Shaft Mining
48:01 Thumb Ring
48:57 Chain Barding Armor
49:49 Chemistry
49:56 Conscription
54:06 Plate Barding Armor
54:57 Elite Skirmisher
55:01 Light Cavalry
56:28 Ring Archer Armor
55:43 Hussar
56:51 Heavy Plow
57:54 Two-Man Saw
Connection lost

Rejoining the realm…

Still unreachable

The connection could not be restored.

Session expired

The server has moved on; the page needs a fresh start.